[Event "DFMMLV 2017"]
[Site "Braunfels"]
[Date "2017.06.15"]
[Round "1"]
[White "Belenkaya, Dina"]
[Black "Wiesner, Paula"]
[Result "1-0"]
[ECO "C04"]
[WhiteElo "2306"]
[BlackElo "2068"]
[Annotator "ChessBase"]
[PlyCount "65"]
[EventDate "2017.??.??"]
[EventType "team-tourn"]
[EventCountry "GER"]
[SourceTitle "playchess.com"]
[Source "ChessBase"]
[SourceQuality "1"]
[TimeControl "40/5400+30:1800+30"]

1. e4 e6 2. d4 d5 3. Nd2 Nc6 4. Ngf3 Nf6 5. e5 Nd7 6. Be2 f6 7. exf6 Qxf6 8. Nf1 g6 9. Ne3 Qg7 10. O-O Nf6 11. c4 Bd7 12. Re1 O-O-O 13. a3 g5 14. b4 g4 15. Ne5 h5 16. Bb2 Ne4 17. Bd3 Bd6 18. cxd5 exd5 19. Nxd5 Ng5 20. Kh1 g3 21. fxg3 Bxe5 22. dxe5 Bg4 23. Be2 Be6 24. Bc4 Qg8 25. b5 Bxd5 26. Bxd5 Rxd5 27. Qa4 Nb8 28. e6 Rh7 29. e7 Rxe7 30. Rxe7 Rd2 31. b6 c6 32. Qf4 Qd5 33. Qc7# 1-0

[Event "DFMMLV 2017"]
[Site "Braunfels"]
[Date "2017.06.15"]
[Round "1"]
[White "Rogozenco, Teodora"]
[Black "Zimmer, Elke"]
[Result "1/2-1/2"]
[ECO "D31"]
[WhiteElo "2147"]
[BlackElo "1951"]
[Annotator "NA"]
[PlyCount "92"]
[EventDate "2017.??.??"]
[EventType "team-tourn"]
[EventCountry "GER"]
[SourceTitle "playchess.com"]
[Source "ChessBase"]
[SourceQuality "1"]
[TimeControl "40/5400+30:1800+30"]

1. d4 d5 2. c4 e6 3. Nc3 Bb4 4. e3 Nf6 5. Bd3 O-O 6. Nge2 dxc4 7. Bxc4 b6 {[%emt 0:11:01] E48: Nimzo-Indian: Rubinstein: 5 Bd3 d5 including 6 Ne2, but excluding 6 a3} (7... e5 8. a3 Bd6 9. f3 Nc6 10. O-O a6 11. Ba2 b5 12. d5 Ne7 13. Ng3 Nf5 14. Nge4 Nxe4 15. Nxe4 Be7 {½-½ (48) Rakhmanov,A (2670)-Parligras,M (2605) Barcelona 2017}) 8. O-O Bb7 9. a3 Be7 10. b4 {[%emt 0:00:48] LiveBook: 3 Games} a5 11. b5 Nbd7 12. Ng3 g6 $146 ({Predecessor:} 12... c5 13. Bb2 Qc7 14. Ba2 Rfd8 {1-0 (31) De Sousa,M (1973)-Leite,E (2168) Mogi das Cruzes 2013}) 13. e4 e5 14. d5 Re8 15. Kh1 h5 16. h3 Kg7 17. Qd2 ({But not} 17. d6 cxd6 18. Qd2 Rh8 $17) 17... Rh8 18. Bb2 Bd6 19. Rae1 Qe7 20. Nb1 Rag8 21. Qc2 h4 22. Ne2 g5 23. Ng1 Nh5 ({Black should try} 23... Bc8 $15) 24. Be2 Nf4 25. Bg4 Nf6 26. f3 N6h5 27. Bxh5 Nxh5 28. Ne2 Bc8 29. Kg1 f6 (29... a4 $5) 30. Qc1 (30. a4 $11 {keeps the balance.}) 30... Bc5+ 31. Kh2 Qf7 32. Nbc3 {[%emt 0:00:25] [#]} (32. a4 $11 {keeps the balance.}) 32... Ng3 $1 33. Nd1 Nxf1+ 34. Rxf1 Qe7 35. Ne3 Bd7 36. a4 Rc8 37. Nc4 Kf7 38. Qc2 Bb4 39. Nc1 Kg6 40. Nd3 Bd6 41. Kh1 Rce8 42. Re1 Rc8 43. Qc1 Rhe8 44. Qa1 Kh6 45. Re2 $11 Qf7 46. Nxd6 cxd6 1/2-1/2

[Event "DFMMLV 2017"]
[Site "Braunfels"]
[Date "2017.06.15"]
[Round "1"]
[White "Malachowski, Margrit"]
[Black "Loebel, Petra"]
[Result "1-0"]
[ECO "C05"]
[WhiteElo "2132"]
[BlackElo "1870"]
[Annotator "NA"]
[PlyCount "81"]
[EventDate "2017.??.??"]
[EventType "team-tourn"]
[EventCountry "GER"]
[SourceTitle "playchess.com"]
[Source "ChessBase"]
[SourceQuality "1"]
[TimeControl "40/5400+30:1800+30"]

1. e4 e6 2. d4 d5 3. Nd2 Nf6 4. e5 Nfd7 5. Bd3 b6 6. c3 Ba6 7. Ndf3 Bxd3 8. Qxd3 c5 9. Ne2 Nc6 {[%emt 0:00:36] C06: French Tarrasch: 3...Nf6 4 e5 Nfd7 5 Bd3 main lines} (9... Be7 10. h4 Nc6 11. Bd2 Qc7 12. Nf4 Nf8 13. Kf1 h6 14. Rh3 O-O-O 15. Re1 Kb7 16. g4 Rc8 17. dxc5 {½-½ (30) Horvath,T (2430)-Socko,B (2635) Austria 2008}) 10. O-O Be7 {[%emt 0:07:49] LiveBook: 5 Games} 11. Be3 c4 12. Qc2 b5 13. Nd2 $1 h5 $146 ({Predecessor:} 13... Nb6 14. f4 g6 15. g4 f5 16. exf6 Bxf6 17. Nf3 Qc7 {½-½ (17) Degenhardt,N (2150)-Stadtmann,J (2205) Germany 1989}) 14. Nf4 Nf8 15. b3 g5 16. Ne2 Ng6 17. bxc4 bxc4 18. Qa4 Qd7 19. Qc2 Qd8 20. Rab1 Rb8 21. Rxb8 Qxb8 22. f4 gxf4 23. Bxf4 h4 24. Nf3 Qd8 25. Bc1 Qb6 26. Kh1 Bd8 (26... Kd7 $142) 27. Bg5 Rh5 28. Rb1 Qc7 29. Bxd8 Kxd8 30. Qc1 Qe7 31. Qb2 Kc8 32. Qb5 Qd7 33. Qa6+ Kd8 34. Rb7 Qc8 35. Qb5 Nge7 36. Nf4 Rh8 37. Ng5 Ke8 38. Kg1 Kf8 39. a4 Kg7 40. a5 Qd8 $18 (40... Rh6 41. Qb1 Qf8) 41. Ngxe6+ {[%emt 0:30:26] Qe8 Ng5} 1-0

[Event "DFMMLV 2017"]
[Site "Braunfels"]
[Date "2017.06.15"]
[Round "1"]
[White "Clopes Llahi, Judit"]
[Black "Klek, Hanna Marie"]
[Result "1/2-1/2"]
[ECO "C44"]
[WhiteElo "2122"]
[BlackElo "2368"]
[Annotator "NA"]
[PlyCount "85"]
[EventDate "2017.??.??"]
[EventType "team-tourn"]
[EventCountry "GER"]
[SourceTitle "playchess.com"]
[Source "ChessBase"]
[SourceQuality "1"]
[TimeControl "40/5400+30:1800+30"]

1. e4 e5 2. Nf3 Nc6 3. d4 exd4 4. Nxd4 Bb4+ 5. c3 Bc5 6. Be3 Bb6 $1 {[%emt 0:00:06] C45: Scotch Game} 7. Be2 {[%emt 0:12:39] LiveBook: 6 Games} (7. Nf5 g6 8. Bxb6 axb6 9. Ne3 Nf6 10. f3 O-O 11. c4 Nh5 12. Qd2 f5 13. Nc3 f4 14. Ned5 Qh4+ 15. Qf2 {1-0 (30) Yu,Y (2729)-Bu,X (2705) Doha 2016}) 7... Qh4 (7... Nf6 $11) 8. Nd2 Nxd4 $146 ({Predecessor:} 8... d6 9. O-O Bd7 10. a4 Qf6 11. Nc4 Bxd4 12. cxd4 Qe7 13. Bf3 {1-0 (21) Ofstad,P (2200)-Peters,P Bad Liebenzell 1996}) 9. cxd4 d5 10. exd5 Ne7 11. Bb5+ c6 12. dxc6 bxc6 13. Bc4 Bg4 14. Be2 h5 15. Nf3 Ba5+ 16. Bd2 Bxf3 17. Bxf3 Qxd4 18. Bxa5 Qe5+ 19. Qe2 Qxa5+ 20. Kf1 Rh6 21. Rc1 Kf8 22. h4 Re6 23. Qc4 Rb8 24. g3 Rxb2 25. Kg2 Qb6 (25... Nf5 $15 26. Rc2 Rxc2 27. Qxc2 Nd4) 26. Rc2 $1 g6 27. Rhc1 Rb4 28. Qd3 Rd4 29. Qa3 Kg8 30. Rb2 Qc7 31. Qc5 Nf5 32. Rcb1 Re7 (32... Kg7 $15) 33. Qxc6 Qxc6 34. Bxc6 Rc7 35. Bf3 Nd6 36. Rd1 Rxd1 37. Bxd1 Kf8 38. Bb3 Rc5 39. Rc2 Rxc2 40. Bxc2 Nb5 41. Bd3 Nd4 42. f3 Kg7 43. g4 $11 1/2-1/2

[Event "DFMMLV 2017"]
[Site "Braunfels"]
[Date "2017.06.15"]
[Round "1"]
[White "Plass, Mariana-Camelia"]
[Black "Bakalarz, Grazyna"]
[Result "1/2-1/2"]
[ECO "D85"]
[WhiteElo "2078"]
[BlackElo "1946"]
[Annotator "NA"]
[PlyCount "81"]
[EventDate "2017.??.??"]
[EventType "team-tourn"]
[EventCountry "GER"]
[SourceTitle "playchess.com"]
[Source "ChessBase"]
[SourceQuality "1"]
[TimeControl "40/5400+30:1800+30"]

1. d4 Nf6 2. c4 g6 3. Nc3 d5 4. cxd5 Nxd5 5. Bd2 Bg7 6. e4 {[%emt 0:00:14] LiveBook: 1229 Games} Nb6 7. Be3 O-O 8. Nf3 Bg4 {[%emt 0:02:22] D90: Grünfeld: 4 Nf3 Bg7 sidelines} 9. d5 (9. Be2 $11 Nc6 10. d5 Bxf3 11. gxf3 Ne5 12. Qb3 Qc8 13. h4 c5 14. O-O-O c4 15. Qc2 Nd3+ 16. Bxd3 cxd3 17. Rxd3 Nc4 18. Bd4 Bxd4 19. Rxd4 Qc5 20. Rhd1 {0-1 (45) Shimanov,A (2644)-Durarbayli,V (2590) Warsaw 2014}) 9... c6 10. Qb3 cxd5 11. Nxd5 $146 ({Predecessor:} 11. exd5 N8d7 12. Nd4 Nf6 13. h3 Bd7 14. Be2 Nfxd5 15. Nxd5 Ba4 16. Qb4 Qxd5 {1-0 (36) Herrmann,C (1946)-Ehlers,M (1835) Mecklenburg VP 2009}) 11... Nxd5 12. exd5 Bxf3 13. gxf3 Qa5+ 14. Bd2 Qc7 15. Be2 Na6 16. Rc1 Qb6 17. Qxb6 axb6 18. b3 Rfd8 19. Bc4 b5 20. Bxb5 Rxd5 21. Bxa6 bxa6 22. Be3 Bb2 23. Rc4 Ra5 24. Rc2 Rxa2 ({Black should try} 24... Ba3 $15) 25. O-O $1 Rb8 26. Bd4 Bxd4 27. Rxa2 Rxb3 28. Kg2 (28. Rd1 $5 Bb6 29. Rxa6 $11) 28... Rb5 29. Rd1 Rg5+ 30. Kf1 Bc3 31. Rxa6 Rh5 32. Rd3 Bb4 33. Ra4 Bd6 34. h4 Rf5 35. Kg2 h5 36. Rad4 Rf4 37. Re4 f5 38. Rxf4 Bxf4 39. Rd4 (39. Rd7 $5 ) 39... Be5 40. Ra4 f4 41. Re4 $14 1/2-1/2

[Event "DFMMLV 2017"]
[Site "Braunfels"]
[Date "2017.06.15"]
[Round "1"]
[White "Gheng, Simona"]
[Black "Ratay, Meike"]
[Result "*"]
[ECO "C77"]
[WhiteElo "1999"]
[BlackElo "1767"]
[Annotator "NA"]
[PlyCount "18"]
[EventDate "2017.??.??"]
[EventType "team-tourn"]
[EventCountry "GER"]
[SourceTitle "playchess.com"]
[Source "ChessBase"]
[SourceQuality "1"]
[TimeControl "40/5400+30:1800+30"]

1. e4 e5 2. Nf3 Nc6 3. Bb5 a6 4. Ba4 Nf6 5. d3 Bc5 6. O-O b5 7. Bb3 d6 8. c3 Bg4 9. Nbd2 (9. h3 $5 Be6 10. Bxe6 fxe6 11. b4 $14) 9... O-O $11 {[%emt 0:00:46] LiveBook: 5 Games} *

[Event "DFMMLV 2017"]
[Site "Braunfels"]
[Date "2017.06.15"]
[Round "1"]
[White "Gheng, Simona"]
[Black "Skibbe, Diana"]
[Result "1-0"]
[ECO "C77"]
[WhiteElo "1999"]
[BlackElo "2018"]
[Annotator "NA"]
[PlyCount "91"]
[EventDate "2017.??.??"]
[EventType "team-tourn"]
[EventCountry "GER"]
[SourceTitle "playchess.com"]
[Source "ChessBase"]
[SourceQuality "1"]
[TimeControl "40/5400+30:1800+30"]

1. e4 e5 2. Nf3 Nc6 3. Bb5 a6 4. Ba4 Nf6 5. d3 Bc5 6. O-O b5 7. Bb3 d6 8. c3 Bg4 9. Nbd2 {[%emt 0:00:24] C78: Ruy Lopez: Archangelsk and Möller Defences} (9. h3 $5 Be6 10. Bxe6 fxe6 11. b4 $14) 9... O-O {[%emt 0:00:46] LiveBook: 5 Games} 10. Re1 (10. h3 Bh5 11. Re1 d5 12. exd5 Nxd5 13. Ne4 Bb6 14. Ng3 Bxf3 15. Qxf3 Nde7 16. Bg5 Qd6 17. Qe4 Rae8 18. Bxe7 Nxe7 19. Qxe5 Qxe5 20. Rxe5 {½-½ (51) Ponizil,C (2436)-Biolek,R (2432) Czechia 2015}) 10... Ne7 11. Nf1 Ng6 12. h3 Be6 13. a4 $146 ({Predecessor:} 13. Ng3 Qd7 14. d4 Bxb3 15. Qxb3 {1-0 (43) Magana,B (2092)-Abera,A (2173) Kamwokya 2015}) 13... Rb8 14. axb5 axb5 15. Be3 Bxe3 16. fxe3 c5 17. Bxe6 fxe6 18. Qb3 d5 19. Ra6 c4 20. Qb4 Rb6 21. Rea1 cxd3 22. Ng5 Nxe4 23. Nxe4 dxe4 24. Rxb6 Qxb6 25. Qxe4 Qd8 26. Nd2 Qd5 27. Qg4 Rf6 28. Ne4 Rf5 29. Ng3 Rf7 30. Rd1 Qc4 31. Qe4 Rd7 32. Rd2 Rd5 33. Qf3 b4 34. Rf2 Qc8 35. Qf7+ Kh8 36. Ne4 bxc3 37. bxc3 Qg8 38. Qa7 Rd8 39. Ng5 h6 40. Nf7+ Kh7 41. Nxd8 Qxd8 {[%emt 0:00:03] [#]} 42. Rf7 $1 Qg8 43. Rd7 Qf8 44. Rxd3 e4 45. Rd1 Ne5 (45... Nh4 $142 46. Qc7 Nf5) 46. Qd4 $18 1-0

[Event "DFMMLV 2017"]
[Site "Braunfels"]
[Date "2017.06.15"]
[Round "1"]
[White "Frank, Tena"]
[Black "Mikliaeva, Darja S"]
[Result "0-1"]
[ECO "D45"]
[WhiteElo "1982"]
[BlackElo "2133"]
[Annotator "NA"]
[PlyCount "78"]
[EventDate "2017.??.??"]
[EventType "team-tourn"]
[EventCountry "GER"]
[SourceTitle "playchess.com"]
[Source "ChessBase"]
[SourceQuality "1"]
[TimeControl "40/5400+30:1800+30"]

1. d4 d5 2. c4 e6 3. Nc3 c6 4. e3 Nf6 5. Nf3 Bd6 6. Qc2 O-O 7. Bd3 dxc4 8. Bxc4 Nbd7 9. O-O b5 10. Bd3 Bb7 11. Ng5 {[%emt 0:10:41] LiveBook: 56 Games D46: Semi-Slav: 5 e3 Nbd7 6 Bd3, Black avoids the Meran} (11. a3 Rc8 12. b4 a5 13. Rb1 c5 14. bxc5 Bxf3 15. gxf3 Nxc5 16. dxc5 Rxc5 17. Rxb5 Nd5 18. Rxc5 Qg5+ 19. Kh1 Qh5 20. f4 Qf3+ 21. Kg1 Qg4+ 22. Kh1 Qf3+ 23. Kg1 {½-½ (23) So,W (2770)-Giri,A (2782) Leuven 2016}) 11... h6 12. Nge4 Be7 13. a3 a6 14. b4 Rc8 $146 ({Predecessor:} 14... a5 15. Rb1 axb4 16. axb4 Nd5 17. Nc5 Nxc5 18. dxc5 Nxc3 19. Qxc3 Bf6 {1-0 (51) Levin,E (2508)-Siva,M (2392) St Petersburg 2015}) 15. f4 Nd5 16. Bd2 f5 17. Nc5 Nxc5 18. dxc5 Bf6 19. Rae1 a5 20. bxa5 Ba6 21. Ne2 (21. Nxd5 $18 Qxd5 22. Rd1) 21... Qd7 22. e4 fxe4 23. Bxe4 Rcd8 24. Bc1 b4 25. Bxd5 Qxd5 26. axb4 Bd3 27. Qd1 Qc4 28. Bd2 Rd7 29. Rf2 Rfd8 30. Qc1 Bc2 $11 31. Ng3 Qb3 32. Nf1 Bb2 33. Re3 Bxc1 34. Rxb3 Bxb3 35. Bxc1 Rd1 36. Bb2 Bc4 37. g3 Rb1 38. Be5 Rdd1 39. Kg2 $19 Rxf1 0-1

[Event "DFMMLV 2017"]
[Site "Braunfels"]
[Date "2017.06.15"]
[Round "1"]
[White "Spiel, Marianne"]
[Black "Steimbach, Isabel"]
[Result "1/2-1/2"]
[ECO "C41"]
[WhiteElo "1953"]
[BlackElo "1972"]
[Annotator "NA RC"]
[PlyCount "88"]
[EventDate "2017.??.??"]
[EventType "team-tourn"]
[EventCountry "GER"]
[SourceTitle "playchess.com"]
[Source "ChessBase"]
[SourceQuality "1"]
[TimeControl "40/5400+30:1800+30"]

1. e4 e5 2. Nf3 d6 3. d4 exd4 4. Nxd4 Nf6 5. Nc3 Be7 6. Be2 O-O 7. Be3 Re8 {[%emt 0:00:36] LiveBook: 20 Games C41: Philidor Defence} 8. O-O (8. Qd2 Bf8 9. f3 d5 10. O-O-O c5 11. Nb3 d4 12. Bg5 Be6 13. e5 h6 14. Bh4 Bxb3 15. exf6 {0-1 (81) Polgar,J (2711)-Kazhgaleyev,M (2640) Almaty 2008}) 8... Bf8 9. Bf3 Nbd7 10. g3 Ne5 $146 ({Predecessor:} 10... Nc5 11. Bg5 h6 12. Bxf6 Qxf6 13. Re1 c6 14. b4 Ne6 15. Nxe6 Bxe6 {0-1 (50) Borondo Garcia,R (1897)-Perez Garcia,R (2198) Sevilla 2017}) 11. Bg2 Nfg4 12. Bc1 c6 13. h3 Nf6 14. f4 Ng6 15. Nb3 h5 16. Qf3 Be6 17. Be3 Qc8 18. Kh2 Bc4 19. Rfd1 h4 20. g4 d5 21. e5 Nd7 22. Qf2 f6 23. exf6 Nxf6 24. Bd4 Bd6 25. Kh1 Bxf4 26. Bxf6 gxf6 27. Nd4 Qd8 28. Re1 Qb6 (28... Re5 $17 29. Rxe5 fxe5) 29. Na4 Qa5 30. b3 Bg3 31. Rxe8+ Rxe8 32. Qg1 Ba6 33. Nf5 Bf4 34. Nc5 Re2 35. Nxa6 bxa6 36. Qd1 {[%emt 0:01:39] [#]} Re5 $2 (36... Qd2 $1 $19 37. Qxd2 Rxd2) 37. Qf1 Qc3 38. Qd1 Bd2 39. Qg1 Be1 (39... a5 $17 40. Rf1 Be3 41. Nxe3 Rxe3) 40. Rd1 Nf4 41. Qxa7 Rxf5 42. gxf5 {[%emt 0:00:00] [#]} Nxg2 (42... Qg3 $1 $17 43. Qg1 Bf2) 43. Qg1 $11 Qxh3+ 44. Qh2 Qxh2+ 1/2-1/2

[Event "DFMMLV 2017"]
[Site "Braunfels"]
[Date "2017.06.15"]
[Round "1"]
[White "Heil, Marina"]
[Black "Schulz, Theresa Charlotte"]
[Result "1/2-1/2"]
[ECO "B23"]
[WhiteElo "1890"]
[BlackElo "1595"]
[Annotator "NA"]
[PlyCount "58"]
[EventDate "2017.??.??"]
[EventType "team-tourn"]
[EventCountry "GER"]
[SourceTitle "playchess.com"]
[Source "ChessBase"]
[SourceQuality "1"]
[TimeControl "40/5400+30:1800+30"]

1. e4 c5 2. Nc3 Nc6 3. f4 g6 4. Nf3 Bg7 5. Bb5 Nd4 {[%emt 0:01:32] LiveBook: 1131 Games} 6. a4 e6 7. O-O Ne7 {[%emt 0:01:04] B23: Closed Sicilian: Lines without g3} 8. e5 (8. Nxd4 cxd4 9. Ne2 O-O 10. Ng3 d5 11. b3 dxe4 12. Nxe4 d3 13. c3 a6 14. Bc4 b5 15. axb5 Bb7 16. bxa6 Bxe4 17. Ba3 {0-1 (30) Sek,Z (2565)-Hamarat,T (2595) Yugoslavia 1998}) 8... Nxf3+ 9. Qxf3 O-O $146 ({Predecessor:} 9... a6 10. Bc4 d5 11. exd6 Qxd6 12. d3 O-O 13. Ne4 Qc7 14. c3 b6 15. Qf2 {0-1 (26) Jackson,O (2133)-Ypma,P (2257) Delft 2015}) 10. Ne4 Qc7 11. d3 Nf5 12. g4 Nd4 13. Qf2 b6 14. Be3 Nxb5 15. axb5 Bb7 16. Nd6 f6 17. Nxb7 Qxb7 18. exf6 Bxf6 19. Ra2 a6 20. bxa6 Rxa6 21. Rxa6 Qxa6 22. d4 c4 23. Qg2 Qa8 24. Qe2 Qd5 25. c3 b5 26. Qc2 Be7 27. Rf2 Bh4 28. Rf1 $15 Be7 29. Rf2 Bh4 1/2-1/2

[Event "DFMMLV 2017"]
[Site "Braunfels"]
[Date "2017.06.15"]
[Round "1"]
[White "Kail, Sindy"]
[Black "Schneider, Birgit"]
[Result "1/2-1/2"]
[ECO "B35"]
[WhiteElo "1850"]
[BlackElo "1924"]
[Annotator "NA"]
[PlyCount "81"]
[EventDate "2017.??.??"]
[EventType "team-tourn"]
[EventCountry "GER"]
[SourceTitle "playchess.com"]
[Source "ChessBase"]
[SourceQuality "1"]
[TimeControl "40/5400+30:1800+30"]

1. e4 c5 2. Nf3 Nc6 3. d4 cxd4 4. Nxd4 g6 5. Be3 Bg7 6. Nc3 Nf6 7. Bc4 Qa5 8. O-O O-O 9. Bb3 d6 10. h3 Bd7 11. f4 Nxd4 12. Bxd4 Bc6 13. Qd3 Nd7 14. Bxg7 Kxg7 {[%emt 0:07:25] LiveBook: 13 Games [#]} 15. g4 $146 {B35: Sicilian: Accelerated Dragon with 5 Nc3: main line} ({Predecessor:} 15. Nd5 Qc5+ 16. Kh1 e6 17. Nc3 Nf6 18. Rad1 Rad8 19. f5 Qe5 20. Rde1 b5 21. Nd5 Nh5 22. Re3 a5 {1-0 (35) Morozevich,A (2760)-Carlsen,M (2864) Moscow 2013}) 15... Qc5+ 16. Kh2 Rad8 17. Ne2 Bb5 18. Qd2 Nf6 19. Bd5 e6 20. b4 Qc7 21. g5 Nxd5 22. exd5 Bxe2 23. Qxe2 exd5 24. f5 Rde8 25. Qf2 Qc4 26. Rae1 Rxe1 27. Rxe1 d4 28. Re4 Rc8 (28... Qxb4 $17 29. f6+ Kg8 30. Rxd4 Qa5) 29. f6+ Kh8 30. Rxd4 (30. Qe2 $1 $11 h6 31. Qxc4 Rxc4 32. Re8+ Kh7 33. Re7 hxg5 34. Rxf7+ Kg8 35. Rxb7) 30... Qxc2 31. Rd2 Qc1 32. Qg2 h5 33. Qe2 Kh7 34. Qd3 Rc6 (34... Qe1 $19 {is more deadly.} 35. Qe2 Qh4) 35. Qd5 {[%emt 0:00:07] [#]} Kg8 $1 36. b5 Rc2 $2 (36... Rc3 $19 {and Black stays clearly on top.} 37. Qxd6 Qe1) 37. Rxc2 Qxc2+ 38. Kg3 Qc7 $17 (38... Qc1 $19 {is more deadly.} 39. a4 Qe3+ 40. Kh2 Qf4+ 41. Kh1 Qg3) 39. Kf3 Kf8 40. Qe4 $2 (40. Ke2 $11) 40... Qd7 41. Kg3 1/2-1/2

[Event "DFMMLV 2017"]
[Site "Braunfels"]
[Date "2017.06.15"]
[Round "1"]
[White "Hielscher, Ursula"]
[Black "Barpiyeva, Gulsana"]
[Result "1/2-1/2"]
[ECO "A57"]
[WhiteElo "1835"]
[BlackElo "2109"]
[Annotator "NA"]
[PlyCount "69"]
[EventDate "2017.??.??"]
[EventType "team-tourn"]
[EventCountry "GER"]
[SourceTitle "playchess.com"]
[Source "ChessBase"]
[SourceQuality "1"]
[TimeControl "40/5400+30:1800+30"]

1. d4 Nf6 2. c4 c5 3. d5 b5 4. e4 d6 ({Better is} 4... Nxe4 $11 5. Nf3 bxc4) 5. cxb5 (5. Nd2 $14) 5... a6 (5... Nxe4 $11 6. Bd3 Nf6) 6. Nc3 g6 7. Nf3 Bg7 8. Bd3 O-O 9. O-O axb5 10. Bxb5 Ba6 11. Bxa6 Nxa6 12. Re1 Nd7 {[%emt 0:04:49] LiveBook: 5 Games} 13. Bf4 Qb6 {[%emt 0:05:23] E91: King's Indian: Classical: 6 Be2, unusual replies including 6...c5 and 6...Bg4} (13... c4 14. Qd2 Nb4 15. Bh6 Nd3 16. Re2 e5 17. dxe6 fxe6 18. Bxg7 Kxg7 19. Qe3 Qf6 20. Rd1 Rfb8 21. Rc2 {½-½ (59) Van Wely,L (2655)-Nakamura,H (2710) Amsterdam 2009}) 14. Rb1 Qb4 15. a3 $146 ({Predecessor:} 15. Qc1 c4 16. Bh6 Nac5 17. Bxg7 Kxg7 18. Qd2 Nd3 19. Re3 Rfb8 20. Nd4 N3e5 21. Rh3 {½-½ (36) Kastek,T (2255)-Kunsztowicz,U (2305) Hamburg 1988}) 15... Qb7 ({Better is} 15... Qb8) 16. e5 dxe5 17. Nxe5 Nb6 18. Nc6 e6 19. Na5 Qd7 20. dxe6 Qxd1 21. Rbxd1 fxe6 22. Rxe6 Rxf4 23. Rxb6 Bd4 24. Rf1 c4 25. Rc6 Nc5 26. Ne2 Bxf2+ 27. Rxf2 Rxf2 $16 28. Kxf2 Rxa5 29. Ke3 Nd3 30. Rxc4 Nxb2 31. Rc8+ Kg7 32. Rc7+ Kg8 33. Rc8+ Kg7 34. Rc7+ Kg8 35. Rc8+ {[%emt 0:00:05] Ra4} 1/2-1/2

[Event "DFMMLV 2017"]
[Site "Braunfels"]
[Date "2017.06.15"]
[Round "1"]
[White "Diller, Marianne"]
[Black "Vollstaedt-Klein, Sabine"]
[Result "0-1"]
[ECO "A84"]
[WhiteElo "1823"]
[BlackElo "1879"]
[Annotator "NA RC"]
[PlyCount "114"]
[EventDate "2017.??.??"]
[EventType "team-tourn"]
[EventCountry "GER"]
[SourceTitle "playchess.com"]
[Source "ChessBase"]
[SourceQuality "1"]
[TimeControl "40/5400+30:1800+30"]

1. d4 f5 2. c4 g6 3. Nc3 Bg7 4. Nf3 Nf6 5. e3 O-O {[%emt 0:01:21] LiveBook: 55 Games} 6. Be2 {[%emt 0:00:22] A85: Dutch Defence: 2 c4 Nf6 3 Nc3} e6 (6... b6 7. O-O Bb7 8. b4 e6 9. Qb3 Kh8 10. Bb2 Qe7 11. a4 Nc6 12. Ba3 Nd8 13. a5 d6 14. c5 Ne4 15. Nxe4 Bxe4 {½-½ (52) Bukavshin,I (2655)-Dubov,D (2654) Chita 2015}) 7. O-O d6 8. Qc2 c6 9. b3 Qc7 10. Bb2 $146 ({Predecessor:} 10. Ba3 Re8 11. Rac1 d5 12. cxd5 exd5 13. Rfe1 a6 14. h3 Ne4 15. Nxd5 Qd8 16. Nf4 {1-0 (42) Kluss,E-Carmichael,I Malente 2004}) 10... Re8 11. Rfd1 Nbd7 12. Rac1 e5 13. d5 c5 14. Nb5 Qb8 15. Ng5 a6 16. Nc3 Nf8 17. a3 e4 18. b4 h6 19. Nh3 b6 20. Bf1 g5 21. g3 (21. Ne2 $15) 21... Ng6 22. Kh1 Qc7 23. Rb1 Rb8 24. Rd2 Ne5 25. bxc5 bxc5 26. Ng1 Qf7 27. Kg2 Qh5 28. Qd1 $2 (28. Nd1) 28... g4 29. h4 gxh3+ 30. Kh1 h2 31. Nh3 Nf3 (31... Qf3+ $19 32. Qxf3 Nxf3) 32. Bc1 $2 (32. Rc2 $17) 32... Rxb1 ({Don't play} 32... Nxd2 33. Qxd2 Rxb1 34. Nxb1) 33. Nxb1 Nxd2 34. Qxh5 Nxh5 35. Nxd2 Bc3 36. Kxh2 Bd7 37. Ng1 Rb8 38. Ne2 Bxd2 39. Bxd2 Nf6 40. Nc3 Rb3 41. a4 Ra3 42. a5 Ng4+ 43. Kg2 Rxa5 44. f3 exf3+ 45. Kxf3 Nh2+ 46. Kf2 Nxf1 47. Kxf1 Kf7 48. Ke2 Ra1 49. e4 Kg6 50. Bf4 Ra3 51. exf5+ Bxf5 ({Weaker is} 51... Kxf5 52. Kd2 $17) 52. Kd2 Rb3 53. Bxd6 Rb4 54. Be5 Rxc4 55. d6 h5 56. Nd5 Kf7 $19 57. Bf4 Rd4+ 0-1

[Event "DFMMLV 2017"]
[Site "Braunfels"]
[Date "2017.06.15"]
[Round "1"]
[White "Hartmann, Cora"]
[Black "Braun, Kristin"]
[Result "1-0"]
[ECO "B52"]
[WhiteElo "1788"]
[BlackElo "1860"]
[Annotator "NA"]
[PlyCount "75"]
[EventDate "2017.??.??"]
[EventType "team-tourn"]
[EventCountry "GER"]
[SourceTitle "playchess.com"]
[Source "ChessBase"]
[SourceQuality "1"]
[TimeControl "40/5400+30:1800+30"]

1. e4 c5 2. Nf3 d6 3. Bb5+ Bd7 4. Bxd7+ Qxd7 5. c4 Qg4 {[%emt 0:16:46] LiveBook: 23 Games B52: Sicilian: Moscow Variation with 3...Bd7} (5... Nf6 6. Nc3 g6 7. d4 cxd4 8. Nxd4 Bg7 9. f3 Qc7 10. b3 Qa5 11. Bd2 Nc6 12. Nd5 Qd8 13. Bc3 e6 14. Nxc6 bxc6 {½-½ (30) Ni,H (2674)-Li,C (2720) China 2017}) 6. O-O Qxe4 7. Qb3 $146 ({Predecessor:} 7. d4 Nd7 8. Nc3 Qc6 9. Re1 a6 10. Bf4 Ngf6 11. dxc5 Nxc5 12. Nd4 Qd7 13. Bg5 O-O-O 14. b4 Ne6 15. Nxe6 fxe6 {1-0 (31) Svetushkin,D (2582)-Galoyan,L (2251) Yerevan 2014}) 7... Qc6 8. Nc3 Nf6 9. Re1 e6 10. d4 cxd4 11. Nxd4 Qd7 $1 12. Nf5 (12. Bf4 $16) 12... Nc6 13. Nb5 a6 $1 14. Nbxd6+ Bxd6 15. Nxg7+ Kf8 16. Bh6 Ng4 17. Qh3 Bxh2+ 18. Kf1 Nxh6 $2 {[%emt 0:03:50] [#]} (18... Nce5 19. Rad1 Qa4) 19. Qxh6 $4 (19. Rad1 $1 $18 {[%cal Rd1d7] was the only winning move.} Be5 20. Rxd7 Bxg7 21. Rxb7) 19... Qd3+ 20. Re2 Qg6 21. Nxe6+ Kg8 22. Qxh2 fxe6 {[%emt 0:01:23] [#]} 23. Re3 $18 Qe8 24. Rg3+ Kf7 25. Rf3+ Kg7 26. Qg3+ Qg6 27. Qc7+ Kg8 28. Rg3 Rb8 29. Re1 Kf8 30. Rxg6 hxg6 31. Kg1 e5 32. Rxe5 Rd8 33. Re1 Rb8 34. g3 Rg8 35. Re6 Rg7 36. Qf4+ Kg8 37. Rxc6 Rf8 38. Rf6 1-0